 Dungeon Sprint DCSS version 0.22-a0-567-gff9aefc (webtiles) character file.

130 emperorscorpion the Skirmisher (level 5, -2/82 HPs)
             Began as a Naga Fighter on June 29, 2018.
             Killed by nerve-wracking pain
             ... invoked by a shadow imp
              (14 damage)
             ... in the Dungeon (Sprint IX: "|||||||||||||||||||||||||||||").
             The game lasted 00:00:30 (196 turns).

emperorscorpion the Skirmisher (Naga Fighter)        Turns: 196, Time: 00:00:30

Health: -2/82      AC:  6    Str: 24    XL:     5   Next: 13%
Magic:  5/5        EV:  6    Int:  9    God:
Gold:   0          SH: 10    Dex: 10    Spells: 4/4 levels left

rFire    . . .     SeeInvis +     - Unarmed
rCold    . . .     Gourm    .   b - +0 shield
rNeg     . . .     Faith    .   a - +0 scale mail
rPois    +         Spirit   .   (no helmet)
rElec    .         Reflect  .   (no cloak)
rCorr    .         Harm     .   (no gloves)
MR       .....     NoTele   +   (no barding)
Stlth    ..........             (no amulet)
HPRegen  0.23/turn              (no ring)
MPRegen  0.09/turn              (no ring)

@: berserking (expiring), quick
A: large, see invisible, deformed body, poison resistance, slowness 2, slow
metabolism 1, spit poison 1, AC +1
a: Spit Poison


You were in the Dungeon.
You were not hungry.

You visited 1 branch

Inventory:

Armour
 a - a +0 scale mail (worn)
 b - a +0 shield (worn)
Scrolls
 j - a scroll of blinking
Potions
 c - a potion of might
 e - a potion of curing
 f - a potion of heal wounds
 g - a potion of haste
 h - 2 potions of magic
Comestibles
 d - a ration
 k - 4 chunks of flesh


   Skills:
 + Level 5.8 Fighting
 + Level 5.0 Armour
 + Level 0.2 Dodging
 + Level 4.7 Shields
 + Level 4.5 Unarmed Combat


You had 4 spell levels left.
You didn't know any spells.
Your spell library was empty.

Dungeon Overview and Level Annotations

Branches:
Dungeon (1/1)

Altars:


Innate Abilities, Weirdness & Mutations

You cannot wear boots.
Your serpentine skin is tough. (AC +1)
You have supernaturally acute eyesight. (SInv)
Armour fits poorly on your strangely shaped body.
Your system is resistant to poisons. (rPois)
You cover ground very slowly.
You have a slow metabolism.
You can spit poison.


Message History

The crimson imp hits you.
* * * LOW HITPOINT WARNING * * *
There is an open door, spattered with blood here.
Things that are here:
a giant club; an adder corpse You punch the crimson imp!
The crimson imp is heavily wounded.
You closely miss the crimson imp.
The crimson imp is heavily wounded.
You block the crimson imp's attack.
You punch the crimson imp!
You kill the crimson imp!
Your Armour skill increases to level 5!
You have reached level 5!
You closely miss the giant cockroach.
The giant cockroach bites you but does no damage.
You punch the giant cockroach!
You kill the giant cockroach!
The shadow imp gestures at you. Pain shoots through your body!
You die... ▓▓▓▓▓▓▓▓▓▓▓▓▓▓▓▓▓▓ +...5@)....('...<▓ ▓▓▓▓▓▓▓▓▓▓▓▓▓▓▓▓▓▓

You could see a shadow imp.

Vanquished Creatures
  An ogre (D)
  A crimson imp (D)
  An adder (D)
  2 giant cockroaches (D)
  A hobgoblin (D)
  A kobold (D)
  2 rats (D)
9 creatures vanquished.

Notes
Turn   | Place    | Note
-------+----------+-------------------------------------------
     0 | D        | emperorscorpion the Naga Fighter began the quest for the Orb.
     0 | D        | Reached XP level 1. HP: 21/21 MP: 1/1
   180 | D        | Noticed a crimson imp
   180 | D        | Noticed an ogre
   185 | D        | Killed an ogre
   185 | D        | Reached skill level 5 in Fighting
   185 | D        | Reached XP level 2. HP: 9/32 MP: 2/2
   185 | D        | Reached XP level 3. HP: 11/39 MP: 3/3
   185 | D        | Reached XP level 4. HP: 14/46 MP: 4/4
   193 | D        | Reached skill level 5 in Armour
   193 | D        | Reached XP level 5. HP: 12/55 MP: 5/5
   196 | D        | Killed from afar by a shadow imp

Vault maps used:
D:        linesprint

Skill      XL: |  1  2  3  4 |
---------------+-------------+-----
Fighting       | 5 |  5.8
Armour         | 4 5 |  5.0
Shields        | 4 |  4.7
Unarmed Combat | 4 |  4.5
Dodging        | |  0.2

Action                   |  1- 3 |  4- 6 || total
-------------------------+-------+-------++-------
Melee: Unarmed           |    29 |     9 ||    38
  Use: Potion            |     1 |       ||     1
Armor: Scale mail        |     5 |     1 ||     6
Dodge: Dodged            |     7 |     1 ||     8
Block: Shield            |     7 |     1 ||     8

Table legend:
 A = Spawn XP
 B = Non-spawn XP
 C = Spawn XP percentage of total XP
 D = Spawn monster count
 E = Non-spawn monster count
 F = Spawn count percentage of total count
 G = Total turns spent on level
                    A         B        C        D         E        F      G
               +---------+---------+-------+---------+---------+-------+---------
         Total |       0 |     186 |   0.0 |       0 |       9 |   0.0 |   196
               +---------+---------+-------+---------+---------+-------+---------
             D |       0 |     186 |   0.0 |       0 |       9 |   0.0 |   196
               +---------+---------+-------+---------+---------+-------+---------
